 Dungeon Crawl Stone Soup version 0.31.0-32-g396128a36d (webtiles) character file.

Game seed: 3231231493726940808

2 AlmostFaded the Sneak (level 1, -4/20 HPs)
             Began as a Djinni Delver on Apr 18, 2024.
             Slain by a wyvern skeleton (11 damage)
             ... on level 6 of the Dungeon.
             The game lasted 00:01:06 (41 turns).

AlmostFaded the Sneak (Djinni Delver)                 Turns: 41, Time: 00:01:06

Health: -4/20      AC:  3    Str: 11    XL:     1   Next: 33%
Gold:   0          EV: 12    Int: 11    God:
                   SH:  0    Dex: 14

rFire   + + .        a - +0 short sword
rCold   x . .        (no shield)
rNeg    . . .        b - +0 leather armour
rPois   ∞            (no helmet)
rElec   .            (no cloak)
rCorr   .            (no gloves)
SInv    .            (boots unavailable)
Will    .....        (no amulet)
Stlth   ++           (no ring)
HPRegen 0.23/turn    (no ring)
MPRegen 0.00/turn

%: infuse magic (-5 HP)
@: flying, hasted, very quick
A: sickness immunity, fire resistance 2, cold vulnerability 1, float, innate
caster, HP casting, extra vitality 1
a: no special abilities


You were on level 6 of the Dungeon.
You visited 1 branch of the dungeon, and saw 2 of its levels.

Inventory:

Hand Weapons
 a - a +0 short sword (weapon)
Armour
 b - a +0 leather armour (worn)
Wands
 g - a wand of digging (3)
Scrolls
 c - a scroll of fog
 d - a scroll of revelation


   Skills:
 + Level 3.0 Fighting
 + Level 1.8 Short Blades
 + Level 2.2 Dodging
 + Level 4.1 Stealth You didn't know any spells. Your spell library was empty.

Dungeon Overview and Level Annotations

Branches:
Dungeon (6/15)
 Temple: D:4-7

Altars:

Annotations:
D:6 exclusions: hound and sleepcap


Innate Abilities, Weirdness & Mutations

You are immune to sickness and miasma.
You are immune to poison.
Your flesh is very heat resistant. (rF++)
You are vulnerable to cold. (rC-)
You float through the air rather than walking.
You learn spells naturally, not from books.
Your magical power is your life essence.
You have superior vitality. (+4 MHP)


Message History

The wyvern skeleton is lightly damaged.
The wyvern skeleton misses you.
You completely miss the wyvern skeleton.
The wyvern skeleton is lightly damaged.
The wyvern skeleton closely misses you.
You hit the wyvern skeleton.
The wyvern skeleton is moderately damaged.
The wyvern skeleton bites you.
You hit the wyvern skeleton but do no damage.
The wyvern skeleton is moderately damaged.
The wyvern skeleton misses you.
You barely miss the wyvern skeleton.
The wyvern skeleton is moderately damaged.
You hit the wyvern skeleton.
The wyvern skeleton is moderately damaged.
The wyvern skeleton bites you!
Ouch! That really hurt!
* * * LOW HITPOINT WARNING * * *
You hit the wyvern skeleton.
The wyvern skeleton is moderately damaged.
The wyvern skeleton closely misses you.
You hit the wyvern skeleton.
The wyvern skeleton is heavily damaged.
The wyvern skeleton barely misses you.
You hit the wyvern skeleton.
The wyvern skeleton is heavily damaged.
The wyvern skeleton completely misses you.
You hit the wyvern skeleton but do no damage.
The wyvern skeleton is heavily damaged.
You hit the wyvern skeleton.
The wyvern skeleton is severely damaged.
The wyvern skeleton misses you.
You hit the wyvern skeleton.
The wyvern skeleton is severely damaged.
The wyvern skeleton completely misses you.
You hit the wyvern skeleton.
The wyvern skeleton is severely damaged.
The wyvern skeleton bites you!
Ouch! That really hurt!
You die...

### . .... #########
...
...)###.......#...##
.........#.........#
......#..#.##.#.....
.........Z@# .# #.#
>P...#..### .#
.........# .#
...P.P#.... f#
...#.....).....
............###
####......h#
#.......# #....?..#


You could see a wyvern skeleton.

Vanquished Creatures
  An orc (D:5)
1 creature vanquished.

Notes
Turn   | Place    | Note
-------+----------+-------------------------------------------
     0 | D:5      | AlmostFaded the Djinni Delver began the quest for the Orb.
     0 | D:5      | Reached XP level 1. HP: 20/20 MP: 0/0
     6 | D:5      | Noticed a scorpion
    17 | D:6      | Noticed a sleepcap
    23 | D:6      | Noticed a hound
    41 | D:6      | Slain by a wyvern skeleton

Illustrated notes

Levels and vault maps discovered:
D:5:      layout_rooms, chequers_arboretum, nzn_random_ring
D:6:      layout_loops_cross, serial_undead, serial_undead_c, serial_undead_b,
          serial_undead_f, serial_undead_a, serial_undead_f, serial_undead_a,
          serial_undead_e, gammafunk_ghost_split, minmay_divided_ellipse

Action                     || total
---------------------------++-------
  Melee: Short sword       ||    16
    Use: Scroll            ||     1
         Potion            ||     1
 Armour: Leather armour    ||     4
  Dodge: Dodged            ||    10
